3R
BALLARD BEAVERS @ FRANKLIN FIRE
07/01/2032
 
TOP OF THE 1ST
Ballard Beavers batting - Pitching for Franklin Fire : LHP Alberto Villarreal
Pitching: LHP Alberto Villarreal
Batting: RHB Lorenzo López 0-0: SINGLE (Groundball, 56S) (infield hit)
Batting: RHB Carlo Manlulu 0-0: Ball
1-0: SINGLE (Groundball, 4MD)
Lorenzo López to second
Runner from 2nd tries for 3rd, SAFE, no throw
Batting: LHB Senichi Ito 0-0: Swinging Strike
0-1: Called Strike
0-2: Strikes out looking
Batting: RHB Jovy Marcelo 0-0: Ground out 6-3 (Groundball, 6S)
Lorenzo López scores
Carlo Manlulu to second
Batting: SHB Alberto González 0-0: Called Strike
0-1: Ball
1-1: Swinging Strike
1-2: Fly out, F4 (Popup, 23)
Top of the 1st over - 1 run, 2 hits, 0 errors, 1 left on base; Ballard 1 - Franklin 0
BOTTOM OF THE 1ST
Franklin Fire batting - Pitching for Ballard Beavers : RHP Manny Juárez
Pitching: RHP Manny Juárez
Batting: LHB Wilson Hernández 0-0: Ball
1-0: Swinging Strike
1-1: Swinging Strike
1-2: Strikes out swinging
Batting: RHB Djakapura Makanamaikai 0-0: Called Strike
0-1: Ball
1-1: Swinging Strike
1-2: Strikes out swinging
Batting: LHB Dave Milligan 0-0: Called Strike
0-1: Foul Ball, location: 2F
0-2: Ball
1-2: Strikes out looking
Bottom of the 1st over - 0 runs, 0 hits, 0 errors, 0 left on base; Ballard 1 - Franklin 0
TOP OF THE 2ND
Ballard Beavers batting - Pitching for Franklin Fire : LHP Alberto Villarreal
Batting: RHB Miracle Crimes 0-0: Ball
1-0: Ball
2-0: Called Strike
2-1: Ball
3-1: Base on Balls
Batting: RHB Reynaldo Torres 0-0: Ball
1-0: Foul Ball, location: 2F
1-1: Ground out 5-3 (Groundball, 56S)
Miracle Crimes to second
Batting: RHB En-lai Lung 0-0: Ground out 3-1 (Groundball, 34S)
Miracle Crimes to third
Batting: SHB Chi-young Wa 0-0: Ground out 5-3 (Groundball, 5)
Top of the 2nd over - 0 runs, 0 hits, 0 errors, 1 left on base; Ballard 1 - Franklin 0
BOTTOM OF THE 2ND
Franklin Fire batting - Pitching for Ballard Beavers : RHP Manny Juárez
Batting: LHB Mitchell Pate 0-0: Foul Ball, location: 2F
0-1: Called Strike
0-2: Ball
1-2: Ball
2-2: Fly out, F6 (Flyball, 6MD)
Batting: RHB Thomas Flyer 0-0: Ball
1-0: Swinging Strike
1-1: Ball
2-1: Foul Ball, location: 2F
2-2: Fly out, F7 (Flyball, 78M)
Batting: RHB Peter Holland 0-0: Foul Ball, location: 2F
0-1: Ball
1-1: Called Strike
1-2: Strikes out swinging
Bottom of the 2nd over - 0 runs, 0 hits, 0 errors, 0 left on base; Ballard 1 - Franklin 0
TOP OF THE 3RD
Ballard Beavers batting - Pitching for Franklin Fire : LHP Alberto Villarreal
Batting: RHB Lorenzo López 0-0: Ball
1-0: Swinging Strike
1-1: Called Strike
1-2: SINGLE (Line Drive, 6MD)
Batting: RHB Carlo Manlulu 0-0: Ball
1-0: SINGLE (Line Drive, 3D)
Lorenzo López to second
Runner from 2nd tries for 3rd, SAFE, throw made to third
Batting: LHB Senichi Ito 0-0: Ball
1-0: Called Strike
1-1: Called Strike
1-2: Foul Ball, location: 2F
1-2: Strikes out swinging
Batting: RHB Jovy Marcelo 0-0: Ball
1-0: Called Strike
1-1: Ball
2-1: Foul Ball, location: 2F
2-2: Foul Ball, location: 2F
2-2: Ball
3-2: Strikes out swinging
Batting: SHB Alberto González 0-0: Ball
1-0: Foul Ball, location: 2F
1-1: Foul Ball, location: 2F
1-2: Ground out 4-3 (Groundball, 4)
Top of the 3rd over - 0 runs, 2 hits, 0 errors, 2 left on base; Ballard 1 - Franklin 0
BOTTOM OF THE 3RD
Franklin Fire batting - Pitching for Ballard Beavers : RHP Manny Juárez
Batting: RHB Dan Lewis 0-0: Called Strike
0-1: Foul Ball, location: 2F
0-2: Ball
1-2: Strikes out looking
Batting: LHB Kent Maxwell 0-0: Ground out 4-3 (Groundball, 4)
Batting: RHB Tom Winner 0-0: Ball
1-0: Fly out, F8 (Flyball, 8RM)
Bottom of the 3rd over - 0 runs, 0 hits, 0 errors, 0 left on base; Ballard 1 - Franklin 0
TOP OF THE 4TH
Ballard Beavers batting - Pitching for Franklin Fire : LHP Alberto Villarreal
Batting: RHB Miracle Crimes 0-0: Ball
1-0: Ball
2-0: Foul Ball, location: 2F
2-1: Ball
3-1: Called Strike
3-2: Fly out, F8 (Flyball, 8RD)
Batting: RHB Reynaldo Torres 0-0: Swinging Strike
0-1: Ball
1-1: Ball
2-1: Ball
3-1: Base on Balls
Batting: RHB En-lai Lung 0-0: Ball
1-0: Foul Ball, location: 2F
1-1: Fly out, F6 (Popup, 6MD)
Batting: SHB Chi-young Wa 0-0: Ball
1-0: Foul Ball, location: 2F
1-1: Fly out, F3 (Popup, 34)
Top of the 4th over - 0 runs, 0 hits, 0 errors, 1 left on base; Ballard 1 - Franklin 0
BOTTOM OF THE 4TH
Franklin Fire batting - Pitching for Ballard Beavers : RHP Manny Juárez
Batting: LHB Wilson Hernández 0-0: Ground out 6-3 (Groundball, 6)
Batting: RHB Djakapura Makanamaikai 0-0: Ball
1-0: Foul Ball, location: 2F
1-1: Ball
2-1: Ground out 4-3 (Groundball, 34D)
Batting: LHB Dave Milligan 0-0: Ball
1-0: Ball
2-0: Ball
3-0: Foul Ball, location: 2F
3-1: Hit by Pitch
Batting: LHB Mitchell Pate 0-0: Ball
1-0: Ball
2-0: Ball
3-0: Called Strike
3-1: Base on Balls
Dave Milligan to second
Batting: RHB Thomas Flyer 0-0: Foul Ball, location: 2F
0-1: Foul Ball, location: 2F
0-2: Strikes out looking
Bottom of the 4th over - 0 runs, 0 hits, 0 errors, 2 left on base; Ballard 1 - Franklin 0
TOP OF THE 5TH
Ballard Beavers batting - Pitching for Franklin Fire : LHP Alberto Villarreal
Batting: RHB Lorenzo López 0-0: Ball
1-0: Ball
2-0: Called Strike
2-1: Ball
3-1: DOUBLE (Line Drive, 78M)
Batting: RHB Carlo Manlulu 0-0: Called Strike
0-1: Called Strike
0-2: Strikes out swinging
Batting: LHB Senichi Ito 0-0: Ball
1-0: Swinging Strike
1-1: Foul Ball, location: 2F
1-2: SINGLE (Line Drive, 9S)
Lorenzo López to third
Batting: RHB Jovy Marcelo 0-0: Ball
1-0: Foul Ball, location: 2F
1-1: Fly out, F9 (Flyball, 9LM)
Runner from 3rd tags up, SCORES, throw made
Batting: SHB Alberto González 0-0: Foul Ball, location: 2F
0-1: Foul Ball, location: 2F
0-2: Ball
1-2: Strikes out swinging
Top of the 5th over - 1 run, 2 hits, 0 errors, 1 left on base; Ballard 2 - Franklin 0
BOTTOM OF THE 5TH
Franklin Fire batting - Pitching for Ballard Beavers : RHP Manny Juárez
Batting: RHB Peter Holland 0-0: Ball
1-0: Ball
2-0: Ball
3-0: Swinging Strike
3-1: Base on Balls
Batting: RHB Dan Lewis 0-0: Bunted foul
0-1: Sac Bunt - play at first, batter OUT! 1-4
Peter Holland to second
Batting: LHB Kent Maxwell 0-0: Called Strike
0-1: Ball
1-1: Called Strike
1-2: Strikes out swinging
Batting: RHB Tom Winner 0-0: Foul Ball, location: 2F
0-1: Swinging Strike
0-2: Foul Ball, location: 2F
0-2: Foul Ball, location: 2F
0-2: Strikes out looking
Bottom of the 5th over - 0 runs, 0 hits, 0 errors, 1 left on base; Ballard 2 - Franklin 0
TOP OF THE 6TH
Ballard Beavers batting - Pitching for Franklin Fire : LHP Alberto Villarreal
Batting: RHB Miracle Crimes 0-0: Ball
1-0: Called Strike
1-1: Foul Ball, location: 2F
1-2: Ball
2-2: Strikes out swinging
Batting: RHB Reynaldo Torres 0-0: Ball
1-0: Ball
2-0: Swinging Strike
2-1: Ball
3-1: Called Strike
3-2: Ground out 4-3 (Groundball, 4)
Batting: RHB En-lai Lung 0-0: Ball
1-0: Called Strike
1-1: Swinging Strike
1-2: Strikes out swinging
Top of the 6th over - 0 runs, 0 hits, 0 errors, 0 left on base; Ballard 2 - Franklin 0
BOTTOM OF THE 6TH
Franklin Fire batting - Pitching for Ballard Beavers : RHP Manny Juárez
Batting: LHB Wilson Hernández 0-0: Ball
1-0: Swinging Strike
1-1: Foul Ball, location: 2F
1-2: Fly out, F5 (Popup, 5L)
Batting: RHB Djakapura Makanamaikai 0-0: Called Strike
0-1: Foul Ball, location: 2F
0-2: SINGLE (Groundball, 6MD)
Batting: LHB Dave Milligan 0-0: Foul Ball, location: 2F
0-1: Ball
1-1: Foul Ball, location: 2F
1-2: Ball
2-2: Ball
3-2: Foul Ball, location: 2F
3-2: Foul Ball, location: 2F
3-2: Grounds into double play, 4-6-3 (Groundball, 4)
Bottom of the 6th over - 0 runs, 1 hit, 0 errors, 0 left on base; Ballard 2 - Franklin 0
TOP OF THE 7TH
Ballard Beavers batting - Pitching for Franklin Fire : LHP Alberto Villarreal
Batting: SHB Chi-young Wa 0-0: Called Strike
0-1: Ball
1-1: Foul Ball, location: 2F
1-2: Ball
2-2: SINGLE (Line Drive, 4MD)
Batting: RHB Lorenzo López 0-0: Ball
1-0: Bunt missed!
1-1: Bunted foul
1-2: Fielders Choice at 2nd, 6-4 (Groundball, 6)
Batting: RHB Carlo Manlulu 0-0: Called Strike
Lorenzo López steals 2nd base
0-1: SINGLE (Line Drive, 8LM)
Lorenzo López to third
Runner from 3rd tries for Home, SAFE, throw made home
Pitching: LHP Dave Cross
Batting: LHB Senichi Ito 0-0: SINGLE (Line Drive, 8LS)
Carlo Manlulu to second
Batting: RHB Jovy Marcelo 0-0: Called Strike
0-1: Swinging Strike
0-2: Strikes out looking
Batting: SHB Alberto González 0-0: Ball
1-0: SINGLE (Line Drive, 4MD)
Carlo Manlulu to third
Senichi Ito to second
Batting: RHB Miracle Crimes 0-0: Called Strike
0-1: Swinging Strike
0-2: Strikes out swinging
Top of the 7th over - 1 run, 4 hits, 0 errors, 3 left on base; Ballard 3 - Franklin 0
BOTTOM OF THE 7TH
Franklin Fire batting - Pitching for Ballard Beavers : RHP Manny Juárez
Batting: LHB Mitchell Pate 0-0: Ball
1-0: Ball
2-0: Ball
3-0: Called Strike
3-1: Swinging Strike
3-2: Foul Ball, location: 2F
3-2: Base on Balls
Batting: RHB Thomas Flyer 0-0: Ball
1-0: Foul Ball, location: 2F
1-1: Called Strike
1-2: Ground out U3 (Groundball, 34S)
Mitchell Pate to second
Batting: RHB Peter Holland 0-0: SINGLE (Line Drive, 56D)
Mitchell Pate to third
Batting: RHB Dan Lewis 0-0: Grounds into double play, 6-4-3 (Groundball, 6)
Bottom of the 7th over - 0 runs, 1 hit, 0 errors, 1 left on base; Ballard 3 - Franklin 0
TOP OF THE 8TH
Ballard Beavers batting - Pitching for Franklin Fire : LHP Dave Cross
Batting: RHB Reynaldo Torres 0-0: Ball
1-0: Ball
2-0: Called Strike
2-1: DOUBLE (Flyball, 89D)
Batting: RHB En-lai Lung 0-0: Ball
1-0: Ball
2-0: Ball
3-0: Called Strike
3-1: Called Strike
3-2: Foul Ball, location: 2F
3-2: Foul Ball, location: 2F
3-2: Strikes out looking
Batting: SHB Chi-young Wa 0-0: Intentional Walk
Batting: RHB Lorenzo López 0-0: Called Strike
0-1: Foul Ball, location: 2F
0-2: Foul Ball, location: 2F
0-2: Ball
1-2: Strikes out looking
Batting: RHB Carlo Manlulu 0-0: Ball
1-0: Swinging Strike
1-1: Hit by Pitch
Reynaldo Torres to third
Chi-young Wa to second
Batting: LHB Senichi Ito 0-0: Swinging Strike
0-1: Swinging Strike
0-2: Strikes out swinging
Top of the 8th over - 0 runs, 1 hit, 0 errors, 3 left on base; Ballard 3 - Franklin 0
BOTTOM OF THE 8TH
Franklin Fire batting - Pitching for Ballard Beavers : RHP Manny Juárez
Batting: LHB Kent Maxwell 0-0: Ball
1-0: Called Strike
1-1: Ground out 4-3 (Groundball, 4)
Batting: RHB Tom Winner 0-0: Foul Ball, location: 2F
0-1: Ball
1-1: Foul Ball, location: 2F
1-2: Ground out 6-3 (Groundball, 6S)
Batting: LHB Wilson Hernández 0-0: Ball
1-0: Ground out 5-3 (Groundball, 56)
Bottom of the 8th over - 0 runs, 0 hits, 0 errors, 0 left on base; Ballard 3 - Franklin 0
TOP OF THE 9TH
Ballard Beavers batting - Pitching for Franklin Fire : LHP Dave Cross
Pitching: RHP Carlos Simon
Batting: RHB Jovy Marcelo 0-0: Ball
1-0: SOLO HOME RUN (Flyball, 7LD), Distance : 350 ft
Batting: SHB Alberto González 0-0: Called Strike
0-1: SINGLE (Groundball, 6MD)
Batting: RHB Miracle Crimes 0-0: Bunted foul
0-1: Ball
1-1: Bunt missed!
1-2: Ball
2-2: Foul Ball, location: 2F
2-2: Foul Ball, location: 2F
2-2: SINGLE (Flyball, 89S)
Alberto González to second
Batting: RHB Reynaldo Torres 0-0: Foul Ball, location: 2F
0-1: Grounds into double play, 5-4-3 (Groundball, 56)
Alberto González to third
Batting: RHB En-lai Lung 0-0: Ball
1-0: Swinging Strike
1-1: Ball
2-1: Fly out, F8 (Flyball, 8LM)
Top of the 9th over - 1 run, 3 hits, 0 errors, 1 left on base; Ballard 4 - Franklin 0
BOTTOM OF THE 9TH
Franklin Fire batting - Pitching for Ballard Beavers : RHP Manny Juárez
Batting: RHB Djakapura Makanamaikai 0-0: Swinging Strike
0-1: Ball
1-1: Foul Ball, location: 2F
1-2: Strikes out swinging
Batting: LHB Dave Milligan 0-0: Ball
1-0: Ball
2-0: Foul Ball, location: 2F
2-1: Ball
3-1: Foul Ball, location: 2F
3-2: SINGLE (Line Drive, 6)
Pitching: LHP Nicholas Finn
Batting: LHB Mitchell Pate 0-0: Foul Ball, location: 2F
0-1: Foul Ball, location: 2F
0-2: Ball
1-2: Ground out U3 (Groundball, 3)
Dave Milligan to second
Batting: RHB Thomas Flyer 0-0: Called Strike
0-1: Ground out 5-3 (Groundball, 56)
Bottom of the 9th over - 0 runs, 1 hit, 0 errors, 1 left on base; Ballard 4 - Franklin 0
Wednesday, September 19th, 2018 - OOTP Baseball 18.8 Build 76